cohdb
Replays
Latest Replays
All Replays
Popular Replays
Top Player Replays
Match Explorer
How It Works
Community
CoH3 Stats
Reddit
Sign in to upload your games and track your stats! →
Sign in with Steam
Match 38956576
Unlisted
Match 38956576
Overview
Messages
Build Orders
End
Vickers Machine Gun Team
Construct Section Command Post
Infantry Section
Infantry Section
Infantry Section
Royal Engineer Section
Construct Field Infirmary
Selects Air and Sea Battlegroup
Selects Supply Surplus
Construct Resource Cache
Construct Platoon Command Post
Construct Company Command Post
Selects Centaur Medium Tank
Foot Guards Section
Centaur Medium Tank
Grenade Package
6-pounder Anti-tank Gun Team
Crusader II Medium Tank
只愛❤毛妹
LawSlay
0
0
Comments
sign in to comment!
No comments posted yet!